 Dungeon Crawl Stone Soup version 0.29.0-4-gdea44cf6ec (webtiles) character file.

Game seed: 15340229688288384467

215 qw the Chopper (level 5, -1/30 HPs)
             Began as a Tengu Warper on Aug 28, 2022.
             Killed from afar by an orc wizard (6 damage)
             ... with a puff of flame
             ... on level 3 of the Dungeon.
             The game lasted 00:00:26 (2479 turns).

qw the Chopper (Tengu Warper)                       Turns: 2479, Time: 00:00:27

Health: -1/30      AC: 11    Str: 14    XL:     5   Next: 92%
Magic:  9/9        EV:  3    Int:  8    God:
Gold:   141        SH:  8    Dex: 13    Spells: 8/8 levels left

rFire   . . .      SeeInvis .   Y - +0 hand axe
rCold   . . .      Faith    .   l - +0 kite shield
rNeg    . . .      Spirit   .   n - +1 plate armour of Hadjma {rPois Will+ Regen+ Int-5}
rPois   +          Reflect  .   (helmet restricted)
rElec   .          Harm     .   (no cloak)
rCorr   .          Rampage  .   (no gloves)
Will    +....                   (boots unavailable)
Stlth   ..........              (no amulet)
HPRegen 0.90/turn               (no ring)
MPRegen 0.11/turn               (no ring)

@: lethally poisoned (-1 -> -9), flying quickly and evasively, quick
A: beak, talons 3, nimble flight
a: no special abilities


You were on level 3 of the Dungeon.
You visited 1 branch of the dungeon, and saw 3 of its levels.

You collected 141 gold pieces.


Innate Abilities, Weirdness & Mutations

You have a beak for a mouth.
You have claws for feet.
Your magical nature lets you fly swiftly and evasively.


   Skills:
 - Level 2.0 Fighting
 + Level 5.1 Axes
 - Level 1.0 Throwing
 - Level 2.0 Armour
 - Level 2.1 Dodging
 - Level 3.0 Shields
 - Level 2.0 Spellcasting
 - Level 2.4 Translocations


You had 8 spell levels left.
You didn't know any spells.
Your spell library contained the following spells:

 Spells                   Type           Power      Damage    Failure   Level
 Blink                    Tloc           8%         N/A       100%        2
 Gell's Gravitas          Tloc           4%         N/A       100%        3
 Lesser Beckoning         Tloc           4%         N/A       100%        3
 Teleport Other           Tloc           4%         N/A       100%        3
 Manifold Assault         Tloc           4%         N/A       100%        5

Inventory:

Hand Weapons
 i - a +0 mace
 Y - a +0 hand axe (weapon)
Missiles
 f - 3 boomerangs (quivered)
Armour
 l - a +0 kite shield (worn)
 n - the +1 plate armour of Hadjma (worn) {rPois Will+ Regen+ Int-5}
   (You acquired it on level 2 of the Dungeon)

   Int:       It affects your intelligence (-5).
   rPois:     It protects you from poison.
   Regen:     It increases your rate of health regeneration.
   Will:      It increases your willpower.
Jewellery
 k - the ring of Doss {rElec rF+ Slay+6 Stlth-}
   (You found it on level 3 of the Dungeon)

   [ring of protection from fire]

   Slay:      It affects your accuracy & damage with ranged weapons and melee
   (+6).
   rF:        It protects you from fire.
   rElec:     It insulates you from electricity.
   Stlth:     It makes you less stealthy.
Scrolls
 a - 5 scrolls of identify
 d - a scroll of immolation {unknown}
Potions
 b - a potion of cancellation
 c - a potion of haste
 e - a potion of brilliance {unknown}
 g - a potion of invisibility
 h - 3 potions of curing
 j - a potion of mutation {unknown}
 m - a potion of flight {unknown}
 o - a potion of might {unknown}

Dungeon Overview and Level Annotations

Branches:
Dungeon (3/15)

Altars:
Kikubaaqudgha
Trog
Xom


Message History

You hit the goblin. You hit something but do no damage.
You feel sick. The orc hits you but does no damage.
The goblin hits you but does no damage.
You hear some strange, mumbled words.
A puff of flame appears from out of thin air!
The puff of flame hits you.
You closely miss the orc. You claw the orc.
You kill the orc!
You hit the goblin but do no damage. You miss something.
You feel sick.
You hear some strange, mumbled words.
A puff of flame appears from out of thin air!
You block the puff of flame. You block the goblin's attack.
Your Armour skill increases to level 2!
You barely miss the goblin.
The goblin is moderately wounded.
You barely miss something.
You feel sick. You block something's attack. You block the goblin's attack.
The goblin hits you but does no damage.
You hit the goblin.
The goblin is heavily wounded.
You closely miss something.
You feel sick. Something hits you but does no damage.
You are more poisoned.
The goblin hits you but does no damage.
You hit the goblin.
You kill the goblin!
You hit the orc. You barely miss something.
You feel very sick. Something hits you.
You are lethally poisoned!
You block the orc's attack.
You barely miss the orc.
The orc is severely wounded.
You closely miss something.
You feel very sick.
You hear some strange, mumbled words.
A puff of flame appears from out of thin air!
The puff of flame hits you.
You die...

#.# #.# ###.#####.#####
# #.%...........( ....
#.#.#####.#.... ...o
###.#.......#.... .....
#...#.#...#.#.... ......
#...#.#._.#.#.###
......##...#.#...#.#....
....>.)@...#.......#?.##
.###.#o{...#.#####.#....
###...............#
#.....#####......
#.)..## #....## ######
#....# +...<. #...###
#...#


You could see an orc.

Vanquished Creatures
  A phantom (D:3)
  Natasha (D:3)
  3 adders (D:2)
  2 worms (D:2)
  5 dart slugs
  5 orcs (D:3)
  6 bats
  4 endoplasms
  3 giant cockroaches (D:1)
  10 goblins
  7 hobgoblins
  3 kobolds
  4 quokkas
  3 ball pythons
  3 frilled lizards
  5 rats
65 creatures vanquished.

Vanquished Creatures (others)
  A fungus (D:1)
  3 plants (D:1)
4 creatures vanquished.

Grand Total: 69 creatures vanquished

Notes
Turn   | Place    | Note
-------+----------+-------------------------------------------
     0 | D:1      | qw the Tengu Warper began the quest for the Orb.
     0 | D:1      | Reached XP level 1. HP: 12/12 MP: 4/4
     0 | D:1      | 0 ||| qw: Version: 0.1-a-89-g26bdef1
     0 | D:1      | 0 ||| qw: Game counter: 543
     0 | D:1      | 0 ||| qw: Always use a shield: true
     0 | D:1      | 0 ||| qw: God list: Okawaru
     0 | D:1      | 0 ||| qw: Allow faded altars: false
     0 | D:1      | 0 ||| qw: Do Orc after D:15 true
     0 | D:1      | 0 ||| qw: Do second Lair branch before Depths: true
     0 | D:1      | 0 ||| qw: Lair rune preference: random
     0 | D:1      | 0 ||| qw: Plans: Normal
     0 | D:1      | 0 ||| PLANNING D:1-11
    58 | D:1      | Reached skill level 3 in Axes
    58 | D:1      | Reached XP level 2. HP: 7/17 MP: 6/6
   543 | D:1      | 543 ||| DROPPING +0 club.
   548 | D:1      | 548 ||| Stepping ~*~*~tactically~*~*~ (stealth).
   554 | D:1      | 554 ||| Stepping ~*~*~tactically~*~*~ (stealth).
   581 | D:1      | 581 ||| Stepping ~*~*~tactically~*~*~ (stealth).
   604 | D:1      | 604 ||| Stepping ~*~*~tactically~*~*~ (stealth).
   682 | D:1      | Reached XP level 3. HP: 21/21 MP: 7/7
   794 | D:1      | Found a faded altar of an unknown god.
  1141 | D:1      | Reached skill level 4 in Axes
  1150 | D:1      | 1150 ||| UPGRADING to +0 ring mail.
  1160 | D:1      | 1160 ||| DROPPING +0 leather armour.
  1161 | D:1      | 1161 ||| UPGRADING to +0 chain mail.
  1171 | D:1      | 1171 ||| DROPPING +0 ring mail.
  1172 | D:1      | 1172 ||| READING 2 scrolls labelled NAESHR TULO.
  1173 | D:1      | 1173 ||| DRINKING 2 dark potions.
  1174 | D:1      | 1174 ||| DROPPING scroll of blinking.
  1212 | D:2      | 1212 ||| Stepping ~*~*~tactically~*~*~ (hiding).
  1215 | D:2      | 1215 ||| Stepping ~*~*~tactically~*~*~ (hiding).
  1232 | D:2      | 1232 ||| FLEEEEING.
  1499 | D:2      | Reached XP level 4. HP: 18/26 MP: 8/8
  1674 | D:2      | 1674 ||| Stepping ~*~*~tactically~*~*~ (stealth).
  1960 | D:2      | Reached skill level 5 in Axes
  1967 | D:2      | 1967 ||| FLEEEEING.
  1968 | D:2      | 1968 ||| FLEEEEING.
  1969 | D:2      | 1969 ||| FLEEEEING.
  1990 | D:2      | 1990 ||| FLEEEEING.
  1991 | D:2      | 1991 ||| FLEEEEING.
  1993 | D:2      | 1993 ||| FLEEEEING.
  1994 | D:2      | 1994 ||| FLEEEEING.
  1995 | D:2      | 1995 ||| FLEEEEING.
  2002 | D:2      | 2002 ||| STAIRDANCE
  2027 | D:1      | 2027 ||| DROPPING orb of energy.
  2028 | D:1      | 2028 ||| UPGRADING to +0 kite shield.
  2033 | D:1      | 2033 ||| READING scroll labelled XACUUM JIUP.
  2034 | D:1      | 2034 ||| READING scroll labelled JAYREGR RUDAETS.
  2035 | D:1      | 2035 ||| DRINKING 2 fizzy golden potions.
  2159 | D:2      | 2159 ||| READING 2 scrolls labelled DALUSO OLOXZYN.
  2160 | D:2      | 2160 ||| READING scroll labelled CYUSOZEMPA.
  2160 | D:2      | Identified a scroll of acquirement
  2160 | D:2      | 2160 ||| ACQUIRING +1 plate armour of Hadjma {rPois Will+
                  | Regen+ Int-5}
  2160 | D:2      | Acquired the +1 plate armour of Hadjma {rPois Will+ Regen+
                  | Int-5}
  2162 | D:2      | 2162 ||| UPGRADING to +1 plate armour of Hadjma {rPois
                  | Will+ Regen+ Int-5}.
  2172 | D:2      | 2172 ||| DROPPING +0 chain mail.
  2173 | D:2      | 2173 ||| DRINKING 2 sedimented clear potions.
  2174 | D:2      | 2174 ||| DROPPING scroll of poison.
  2187 | D:3      | 2187 ||| Stepping ~*~*~tactically~*~*~ (stealth).
  2190 | D:3      | 2190 ||| Stepping ~*~*~tactically~*~*~ (stealth).
  2192 | D:3      | 2192 ||| Stepping ~*~*~tactically~*~*~ (stealth).
  2197 | D:3      | 2197 ||| Stepping ~*~*~tactically~*~*~ (stealth).
  2205 | D:3      | 2205 ||| Stepping ~*~*~tactically~*~*~ (stealth).
  2209 | D:3      | 2209 ||| STAIRDANCE
  2213 | D:2      | Reached skill level 1 in Shields
  2229 | D:3      | Found a bloodstained altar of Trog.
  2304 | D:3      | Identified the ring of Doss {rElec rF+ Slay+6 Stlth-}
  2311 | D:3      | Found an ancient bone altar of Kikubaaqudgha.
  2376 | D:3      | Found a shimmering altar of Xom.
  2394 | D:3      | Noticed a phantom
  2419 | D:3      | Killed a phantom
  2420 | D:3      | Reached skill level 3 in Shields
  2420 | D:3      | Gained mutation: Your magical nature lets you fly swiftly
                  | and evasively. [Tengu growth]
  2420 | D:3      | Reached XP level 5. HP: 27/30 MP: 9/9
  2450 | D:3      | Noticed Natasha
  2451 | D:3      | 2451 ||| Stepping ~*~*~tactically~*~*~ (hiding).
  2452 | D:3      | 2452 ||| Stepping ~*~*~tactically~*~*~ (stealth).
  2459 | D:3      | Killed Natasha
  2479 | D:3      | HP: 5/30 [poisoned by an orc wizard]
  2479 | D:3      | Killed from afar by an orc wizard

Levels and vault maps discovered:
D:1:      lightli_iron_boxes, layout_basic,
          shapermc_ecumenical_altar_mp_ritualfount, minmay_cut_off
D:2:      layout_basic, minmay_crystal_room, minmay_misc_feat_roman
D:3:      layout_basic, mainiacjoe_overflow_cross_hatched, bloody_trog,
          mainiacjoe_overflow_tiny_flanked, uniq_natasha

Skill      XL: |  1  2  3  4  5 |
---------------+----------------+-----
Axes           | 3 4 5 |  5.1
Shields        | 3 |  3.0
Armour         | 2 |  2.0
Fighting       | |  2.0
Throwing       | |  1.0
Dodging        | |  2.1
Spellcasting   | |  2.0
Translocations | |  2.4

Action                   |  1- 3 |  4- 6 || total
-------------------------+-------+-------++-------
Melee: Hand axe          |    68 |    98 ||   166
       Kick              |    16 |    25 ||    41
       Peck              |     9 |    16 ||    25
Throw: Boomerang         |    24 |    22 ||    46
  Use: Scroll            |     1 |     4 ||     5
       Potion            |     1 |     2 ||     3
Armor: Leather armour    |     9 |       ||     9
       Chain mail        |    14 |    20 ||    34
       Plate armour      |       |    60 ||    60
Dodge: Dodged            |    27 |    13 ||    40
Block: Kite shield       |       |    37 ||    37

Table legend:
 A = Non-vault XP
 B = Vault XP
 C = Vault XP percentage of total XP
 D = Non-vault monster count
 E = Vault monster count
 F = Vault count percentage of total count
                 A         B        C        D         E       F
            +---------+---------+-------+---------+---------+-------
      Total |     270 |      38 |  12.3 |      62 |       3 |   4.6
            +---------+---------+-------+---------+---------+-------
        D:1 |      42 |       3 |   6.7 |      23 |       2 |   8.0
        D:2 |      91 |       0 |   0.0 |      26 |       0 |   0.0
        D:3 |     137 |      35 |  20.3 |      13 |       1 |   7.1
            +---------+---------+-------+---------+---------+-------
